 Dungeon Crawl Stone Soup version 0.19.1-1-g22dce08 (webtiles) character file.

93 TuxedoFelix the Shield-Bearer (level 4, 0/35 HPs)
             Began as a Human Fighter on Jan 14, 2017.
             Was an Initiate of Cheibriados.
             Killed by nerve-wracking pain
             ... invoked by Grinder
              (2 damage)
             ... on level 3 of the Dungeon.
             The game lasted 00:18:59 (2383 turns).

TuxedoFelix the Shield-Bearer (Human Fighter)       Turns: 2383, Time: 00:18:59

Health: 0/35       AC:  9    Str: 18    XL:     4   Next: 91%
Magic:  4/4        EV:  7    Int:  9    God:    Cheibriados [......]
Gold:   62         SH:  9    Dex: 14    Spells: 0 memorised, 3 levels left

rFire  . . .     SeeInvis .     a - +0 long sword
rCold  . . .     Gourm    .     b - +1 scale mail
rNeg   . . .     Faith    .     c - +0 shield
rPois  .         Spirit   .     g - +2 hat
rElec  .         Reflect  .     (no cloak)
rCorr  .         Harm     .     (no gloves)
MR     .....                    (no boots)
Stlth  ..........               (no amulet)
                                (no ring)
                                (no ring)

@: very slow
A: no striking features
a: Bend Time, Renounce Religion


You were on level 3 of the Dungeon.
You worshipped Cheibriados.
Cheibriados was noncommittal.
You were not hungry.

You visited 1 branch of the dungeon, and saw 3 of its levels.

You collected 62 gold pieces.

Inventory:

Hand Weapons
 a - a +0 long sword (weapon)
Armour
 b - a +1 scale mail (worn)
 c - a +0 shield (worn)
 g - a +2 hat (worn)
Scrolls
 e - a scroll of amnesia
Potions
 d - a potion of agility {unknown}
 l - a potion of curing {unknown}
 n - a potion of haste
 r - a potion of berserk rage {unknown}
 t - a potion of mutation {unknown}
Comestibles
 f - 3 bread rations
 m - 9 fruits
 p - 2 slices of pizza
 q - 3 chunks of flesh


   Skills:
 + Level 3.5 Fighting
 + Level 3.1 Long Blades
 + Level 3.3 Armour
 + Level 0.8 Dodging
 + Level 3.6 Shields


You had 3 spell levels left.
You didn't know any spells.

Dungeon Overview and Level Annotations

Branches:
Dungeon (3/15)

Altars:
Cheibriados
Gozag
Makhleb
Vehumet

Annotations:
D:3 Grinder


Message History

You feel aware of your surroundings.
You sensed 1 altar.
It was a scroll of magic mapping.
Grinder gestures at you.
You suddenly lose the ability to move!
You can move again.
Unknown command.
As you read the scroll labeled LOYBBO KABAUNG, it crumbles to dust.
You hear a loud clanging noise!
It was a scroll of noise.
You hear a shout! x3
Grinder rolls her eyes.
Grinder gestures at you. Pain shoots through your body!
* * * LOW HITPOINT WARNING * * *
You hit Grinder.
Grinder is almost dead.
Grinder grins, showing sharp teeth.
Grinder gestures at you. Pain shoots through your body!
You die...

#...............,*****
#...............******
#######5..(§........#,,,,,,
#....(†.>..[.........,,,,,,
##...########.####...,,,,,*
###(#######......#,*,<,,,,
#...#...#......#,,,,,,,*
###.....5......#*,,**,,,
###..@#......#**,***,,
#...#......# *,***,,
#...#......#**,,,,,,
##...#.......#*****,,
#.............#* *,,
##...........#..* *,,
##............##.* *,,
##......#.#.####*,******
###..######.....###,,,,,**


You could see Grinder.

Vanquished Creatures
  Ijyb (D:2)
  An adder (D:2)
  An ooze (D:1)
  A worm (D:2)
  A leopard gecko (D:2)
  An orc (D:3)
  5 giant cockroaches
  5 goblins
  5 hobgoblins
  2 jackals (D:2)
  7 kobolds
  2 ball pythons
  7 bats
  2 frilled lizards (D:1)
  6 rats
47 creatures vanquished.

Notes
Turn   | Place    | Note
-------+----------+-------------------------------------------
     0 | D:1      | TuxedoFelix the Human Fighter began the quest for the Orb.
     0 | D:1      | Reached XP level 1. HP: 18/18 MP: 1/1
   234 | D:1      | Reached XP level 2. HP: 18/24 MP: 2/2
   821 | D:1      | Reached XP level 3. HP: 29/29 MP: 3/3
  1532 | D:2      | Reached XP level 4. HP: 30/35 MP: 4/4
  1607 | D:2      | Found a snail-covered altar of Cheibriados.
  1632 | D:2      | Became a worshipper of Cheibriados the Contemplative
  1647 | D:2      | Found a burning altar of Makhleb.
  1819 | D:2      | Noticed Ijyb
  1849 | D:2      | Killed Ijyb
  1944 | D:2      | Found an opulent altar of Gozag.
  1981 | D:2      | Found a radiant altar of Vehumet.
  2321 | D:3      | Noticed Grinder
  2331 | D:3      | Paralysed by Grinder for 6 turns
  2354 | D:3      | Paralysed by Grinder for 6 turns
  2367 | D:3      | Paralysed by Grinder for 3 turns
  2377 | D:3      | Paralysed by Grinder for 3 turns
  2383 | D:3      | Killed from afar by Grinder

Skill      XL: |  1  2  3  4 |
---------------+-------------+-----
Long Blades    | 3 |  3.1
Fighting       | |  3.5
Armour         | |  3.3
Dodging        | |  0.8
Shields        | |  3.6

Action                   |  1- 3 |  4- 6 || total
-------------------------+-------+-------++-------
Melee: Long sword        |   123 |    62 ||   185
Throw: Tomahawk          |       |     3 ||     3
  Use: Scroll            |     1 |     5 ||     6
       Potion            |     1 |       ||     1
  Eat: Chunk             |     1 |     2 ||     3
       Pizza             |     1 |       ||     1
       Bread ration      |       |     1 ||     1
Armor: Scale mail        |    49 |    23 ||    72
Dodge: Dodged            |    38 |    16 ||    54
Block: Shield            |    75 |    39 ||   114
       Rpst.: Long sword |    10 |     5 ||    15
